 Dungeon Crawl Stone Soup version 0.21-a0-400-g417d9d2 (webtiles) character file.

23 Monsterracer the Grasshopper (level 2, 0/15 HPs)
             Began as a Spriggan Warper on Oct 20, 2017.
             Succumbed to an adder's poison
             ... on level 2 of the Dungeon.
             The game lasted 00:01:22 (1279 turns).

Monsterracer the Grasshopper (Spriggan Warper)      Turns: 1279, Time: 00:01:23

Health: 0/15       AC:  2    Str:  5 (7)  XL:     2   Next: 72%
Magic:  6/6        EV: 18    Int: 13 (14) God:
Gold:   2          SH:  0    Dex: 12 (15) Spells: 6/6 levels left

rFire    . . .     SeeInvis +   a - +0 short sword
rCold    . . .     Gourm    .   (shield restricted)
rNeg     . . .     Faith    .   b - +0 robe
rPois    .         Spirit   .   (helmet restricted)
rElec    .         Reflect  .   (no cloak)
rCorr    .         Harm     .   (gloves unavailable)
MR       .....                  (boots unavailable)
Stlth    +.........             (no amulet)
HPRegen  0.05/turn              (no ring)
MPRegen  0.10/turn              (no ring)

@: lethally poisoned (0 -> -16), very quick
A: unfitting armour, see invisible, herbivore 3, speed 3, slow metabolism 2
a: no special abilities


You were on level 2 of the Dungeon.
You were not hungry.

You visited 1 branch of the dungeon, and saw 2 of its levels.

You collected 2 gold pieces.

Inventory:

Hand Weapons
 a - a +0 short sword (weapon)
Missiles
 e - 5 tomahawks of dispersal (quivered)
Armour
 b - a +0 robe (worn)
Scrolls
 d - a scroll of blinking
 g - 3 scrolls of enchant weapon {unknown}
 j - a scroll of random uselessness {unknown}
 k - a scroll of remove curse {unknown}
Books
 c - a book of Spatial Translocations

   Spells                             Type                      Level
   a - Blink                          Translocation                2
   b - Shroud of Golubria             Charms/Translocation         2
   c - Lesser Beckoning               Translocation                3
   d - Gell's Gravitas                Translocation                3
   e - Teleport Other                 Translocation                3
   f - Passage of Golubria            Translocation                4
Comestibles
 f - a bread ration
 h - a royal jelly


   Skills:
 + Level 1.9 Fighting
 * Level 3.0 Short Blades
 - Level 1.0 Throwing
 + Level 4.0 Dodging
 - Level 2.6 Spellcasting
   Level 4.4 Translocations


You had 6 spell levels left.
You didn't know any spells.

Dungeon Overview and Level Annotations

Branches:
Dungeon (2/15)

Altars:
Hepliaklqana


Innate Abilities, Weirdness & Mutations

You are very small and have problems with some larger weapons.
You are too small for most types of armour.
You have supernaturally acute eyesight. (SInv)
You are a herbivore.
You cover ground extremely quickly.
You need consume almost no food.


Message History

You kill the goblin!
Your Short Blades skill increases to level 3!
Your Dodging skill increases to level 4!
g - 3 scrolls labeled IKLASTRASIEK (gained 2)
You see here a dagger.
You see here 19 arrows.
j - a scroll labeled ASASED XIODOXU A hobgoblin comes into view.
It is wielding a club.
Found a scroll labeled SISCHU LIUPE.
A hobgoblin is nearby!
The hobgoblin shouts!
You see here a scroll labeled SISCHU LIUPE.
The hobgoblin barely misses you.
You hit the hobgoblin.
The hobgoblin is almost dead.
The hobgoblin completely misses you.
You barely miss the hobgoblin.
The hobgoblin is almost dead.
You hit the hobgoblin.
You kill the hobgoblin!
k - a scroll labeled SISCHU LIUPE No target in view!
Things that are here:
a club; a hobgoblin corpse You see here 19 arrows.
You see here a dagger.
There is an open door here.
There is an open door here.
There is a stone staircase leading down here.
Key pressed, stopping explore.
A rat comes into view.
A rat is nearby!
You hit the rat.
The rat is heavily wounded.
The rat bites you but does no damage.
You barely miss the rat.
The rat is heavily wounded.
The rat misses you.
You hit the rat but do no damage. The rat completely misses you.
You hit the rat.
You kill the rat!
No target in view!
You see here a club.
There is a stone staircase leading down here.
Done exploring.
Done exploring.
No target in view!
No target in view!
(D) Dungeon
Where to? (? - help)
What level of the Dungeon? (default 1, ? - help)
There is a stone staircase leading down here.
You climb downwards.
Found 15 stones.
There is a stone staircase leading up here.
A goblin comes into view.
The goblin shouts!
A goblin is nearby!
Found a hazy altar of Hepliaklqana.
An adder comes into view.
The adder hisses angrily.
You closely miss the goblin. The goblin completely misses you.
You hit the goblin but do no damage. You closely miss the goblin.
The goblin closely misses you.
You barely miss the goblin. The goblin closely misses you.
You barely miss the goblin. The goblin hits you.
Damage: -6%(-1hp) hp: 94%(14hp)
You hit the goblin.
The goblin is moderately wounded.
The goblin misses you.
You hit the goblin.
You kill the goblin!
You barely miss the adder. The adder bites you.
You are poisoned.
The adder poisons you!
Damage: -14%(-2hp) hp: 80%(12hp)
You barely miss the adder.
You feel sick. The adder closely misses you. The adder bites you.
* * * LOW HITPOINT WARNING * * *
You are more poisoned.
The adder poisons you!
Huge Dmg: -33%(-5hp) hp: 47%(7hp)
Okay, then.
It was a potion of degeneration.
There was something very wrong with that liquid.
You feel weakened.
You feel dopey.
You feel clumsy.
* * * LOW HITPOINT WARNING * * *
You feel sick. The adder barely misses you.
Damage: -7%(-1hp) hp: 40%(6hp) Unknown command.
Okay, then.
You barely miss the adder.
* * * LOW HITPOINT WARNING * * *
You feel sick. The adder bites you.
* * * LOW HITPOINT WARNING * * *
You are more poisoned.
The adder poisons you!
Huge Dmg: -33%(-5hp) hp: 7%(1hp)
You barely miss the adder.
You die...

.#.......##
...._....
....... .....
...#####
##.##...#
#...###.#
#####..S# #.#
........@###.#
###..........#
#.#######..#
#. #...(#####
# #..........
#<#########
#....#
.....#### ####


You could see an adder.

Vanquished Creatures
  A dart slug (D:1)
  3 hobgoblins (D:1)
  2 kobolds (D:1)
  2 bats (D:1)
  3 frilled lizards (D:1)
  6 goblins
  4 rats (D:1)
21 creatures vanquished.

Notes
Turn   | Place    | Note
-------+----------+-------------------------------------------
     0 | D:1      | Monsterracer the Spriggan Warper began the quest for the Orb.
     0 | D:1      | Reached XP level 1. HP: 10/10 MP: 5/5
   268 | D:1      | Reached XP level 2. HP: 15/15 MP: 6/6
  1263 | D:2      | Found a hazy altar of Hepliaklqana.
  1274 | D:2      | HP: 7/15 [adder (4)]
  1277 | D:2      | HP: 1/15 [adder (4)]
  1279 | D:2      | Succumbed to an adder's poison

Vault maps used:
D:1:      minmay_arrival_wavy_path, serial_curves, eino_curves_04,
          eino_curves_02
D:2:      lemuel_round_altar

Skill      XL: |  1  2 |
---------------+-------+-----
Short Blades   | 3 |  3.0
Dodging        | 4 |  4.0
Fighting       | |  1.9
Throwing       | |  1.0
Spellcasting   | |  2.6
Translocations | |  4.4

Action                   || total
-------------------------++-------
Melee: Short sword       ||    78
  Use: Potion            ||     1
 Stab: Sleeping          ||     2
Armor: Robe              ||     4
Dodge: Dodged            ||    49

Table legend:
 A = Spawn XP
 B = Non-spawn XP
 C = Spawn XP percentage of total XP
 D = Spawn monster count
 E = Non-spawn monster count
 F = Spawn count percentage of total count
 G = Total turns spent on level
                    A         B        C        D         E        F      G
               +---------+---------+-------+---------+---------+-------+---------
         Total |       0 |      33 |   0.0 |       0 |      21 |   0.0 |  1279
               +---------+---------+-------+---------+---------+-------+---------
           D:1 |       0 |      31 |   0.0 |       0 |      20 |   0.0 |  1248
           D:2 |       0 |       2 |   0.0 |       0 |       1 |   0.0 |    31
               +---------+---------+-------+---------+---------+-------+---------

Vault maps used:
D:1:      minmay_arrival_wavy_path, serial_curves, eino_curves_04,
          eino_curves_02
D:2:      lemuel_round_altar
